 Dungeon Crawl Stone Soup version 0.22-a0-369-gc73351f (webtiles) character file.

19 Klosterheim the Vexing (level 2, -1/19 HPs)
             Began as a Formicid Enchanter on Apr 24, 2018.
             Slain by a kobold
             ... wielding a +0 dagger
              (3 damage)
             ... on level 1 of the Dungeon.
             The game lasted 00:01:35 (377 turns).

Klosterheim the Vexing (Formicid Enchanter)          Turns: 377, Time: 00:01:36

Health: -1/19      AC:  2    Str: 12    XL:     2   Next: 95%
Magic:  5/5        EV: 12    Int: 14    God:
Gold:   5          SH:  0    Dex: 11    Spells: 4/5 levels left

rFire    . . .     SeeInvis +   a - +1 dagger
rCold    . . .     Gourm    .   (no shield)
rNeg     . . .     Faith    .   b - +0 robe
rPois    .         Spirit   .   (helmet unavailable)
rElec    .         Reflect  .   (no cloak)
rCorr    .         Harm     .   (no gloves)
MR       .....                  (no boots)
Stlth    ++........             (no amulet)
HPRegen  0.06/turn              (no ring)
MPRegen  0.09/turn              (no ring)

@: no status effects
A: permanent stasis, dig shafts and tunnels, four strong arms, antennae 3
a: Dig, Shaft Self


You were on level 1 of the Dungeon.
You were not hungry.

You visited 1 branch of the dungeon, and saw 1 of its levels.

You collected 5 gold pieces.

Inventory:

Hand Weapons
 a - a +1 dagger (weapon)
Armour
 b - a +0 robe (worn)
Scrolls
 g - a scroll of teleportation {unknown}
Potions
 e - a potion of haste {unknown}
 f - a potion of ambrosia {unknown}
Comestibles
 c - 4 chunks of flesh
 d - a ration


   Skills:
 - Level 1.0 Short Blades
 + Level 2.0 Dodging
 + Level 3.9 Stealth
 + Level 2.4 Spellcasting
 * Level 4.1 Hexes


You had 4 spell levels left.
You knew the following spells:

 Your Spells              Type           Power        Failure   Level  Hunger
a - Corona                Hex            ##.....      4%          1    #......


Dungeon Overview and Level Annotations

Branches:
Dungeon (1/15)

Altars:


Innate Abilities, Weirdness & Mutations

You cannot be hasted, slowed, berserked, paralysed or teleported.
You can dig through walls and to a lower floor.
Your four strong arms can wield two-handed weapons with a shield.
You have a pair of large antennae on your head. (SInv)


Message History

The frilled lizard misses you. The kobold hits you but does no damage.
The frilled lizard bites you.
* * * LOW HITPOINT WARNING * * *
The kobold hits you but does no damage. The frilled lizard barely misses you.
The kobold closely misses you. The frilled lizard misses you.
The kobold hits you with a dagger.
* * * LOW HITPOINT WARNING * * *
The frilled lizard closely misses you. The kobold barely misses you.
The frilled lizard bites you.
* * * LOW HITPOINT WARNING * * *
The kobold hits you but does no damage. The frilled lizard bites you.
* * * LOW HITPOINT WARNING * * *
The kobold barely misses you. The frilled lizard barely misses you.
The kobold closely misses you.
The frilled lizard completely misses you.
The kobold closely misses you.
The frilled lizard bites you but does no damage.
The kobold hits you with a dagger.
You die...

#....###.........###..........
#....##...........##....###.###
#..<#.).....(.......#.......#
##...##...........##.....####
#...###.........###.........
#...# ##.......## #...#.....
#...# #############...######
###.. ..............### #..
.....$.@l.....#
#########.K....#### #...####.#
#.#. ♣≈♣ # ≈ ♣≈♣ ♣♣


Pl≈ ≈≈≈ { ≈≈≈≈ You could see a kobold and a frilled lizard.

Vanquished Creatures
  A bat (D:1)
  A goblin (D:1)
  2 hobgoblins (D:1)
  A ball python (D:1)
  A frilled lizard (D:1)
  3 kobolds (D:1)
  13 rats (D:1)
22 creatures vanquished.

Notes
Turn   | Place    | Note
-------+----------+-------------------------------------------
     0 | D:1      | Klosterheim the Formicid Enchanter began the quest for the Orb.
     0 | D:1      | Reached XP level 1. HP: 13/13 MP: 3/3
    21 | D:1      | Reached XP level 2. HP: 14/19 MP: 5/5
    66 | D:1      | Reached skill level 4 in Hexes
   377 | D:1      | Slain by a kobold

Vault maps used:
D:1:      erik_arrival_orb_chamber, minivault_14, minmay_misc_feat_cross,
          serial_bayou_lake_a

Skill      XL: |  1  2 |
---------------+-------+-----
Hexes          | 4 |  4.1
Dodging        | 2 |  2.0
Short Blades   | |  1.0
Stealth        | |  3.9
Spellcasting   | |  2.4

Action                   || total
-------------------------++-------
Melee: Dagger            ||    55
 Cast: Corona            ||     1
 Stab: Sleeping          ||     2
Armor: Robe              ||    10
Dodge: Dodged            ||    43

Table legend:
 A = Spawn XP
 B = Non-spawn XP
 C = Spawn XP percentage of total XP
 D = Spawn monster count
 E = Non-spawn monster count
 F = Spawn count percentage of total count
 G = Total turns spent on level
                    A         B        C        D         E        F      G
               +---------+---------+-------+---------+---------+-------+---------
         Total |       0 |      28 |   0.0 |       0 |      22 |   0.0 |   377
               +---------+---------+-------+---------+---------+-------+---------
           D:1 |       0 |      28 |   0.0 |       0 |      22 |   0.0 |   377
               +---------+---------+-------+---------+---------+-------+---------
